[Event "Titled Tuesday Blitz March 15 Late 2022"]
[White "Plazuelo Pascual, Juan"]
[Black "Hoffmann, Asa"]
[WhiteFideId "32059566"]
[BlackFideId "2001470"]
[WhiteElo "2364"]
[BlackElo "2117"]
[Result "0-1"]
[Round "06"]
[TimeControl "180+1"]
[Date "2022.03.16"]
[WhiteClock "0:00:04"]
[BlackClock "0:00:10"]

1. Nf3 d6 2. d4 Bg4 3. e4 Nf6 4. Bd3 c6 5. h3 Bh5 6. e5 dxe5 7. dxe5 Nd5 8. e6 fxe6 9. g4 Bf7 10. Ng5 Nd7 11. Nxh7 Ne5 12. Ng5 Nb4 13. Be4 Qxd1+ 14. Kxd1 O-O-O+ 15. Bd2 Bg6 16. Ke2 Bxe4 17. Nxe4 Nxc2 18. Nbc3 Nxa1 19. Rxa1 Rxh3 20. Ng5 Rhd3 21. Rd1 Nc4 22. Nce4 Nxd2 23. Nxd2 R8d6 24. Nge4 R6d5 25. Rh1 Rd8 26. Nf3 g6 27. Neg5 Bg7 28. Nxe6 Bxb2 29. Nxd8 Rxd8 30. Rh7 Ba3 31. g5 Rd5 32. Rg7 Rd6 33. Nh4 Re6+ 34. Kf3 Bc1 35. Nxg6 Bxg5 36. Kg4 Bf6 37. f4 0-1


[Site "https://www.chess.com"]

[Event "Titled Tuesday Blitz March 15 Late 2022"]
[White "Prohorov, Olexandr"]
[Black "Estrada Nieto, Julian"]
[WhiteFideId "14105578"]
[BlackFideId "5101018"]
[WhiteElo "1993"]
[BlackElo "2246"]
[Result "1-0"]
[Round "06"]
[TimeControl "180+1"]
[Date "2022.03.16"]
[WhiteClock "0:00:18"]
[BlackClock "0:00:01"]

1. Nf3 d5 2. d4 Nf6 3. c4 dxc4 4. e3 e6 5. Bxc4 c5 6. O-O a6 7. a4 Nc6 8. Nc3 Be7 9. d5 exd5 10. Nxd5 Nxd5 11. Bxd5 Nb4 12. Bb3 Qxd1 13. Rxd1 Be6 14. Bxe6 fxe6 15. e4 O-O 16. Bg5 Rf7 17. Rac1 Bf8 18. Ne5 Rc7 19. b3 b5 20. a5 Rac8 21. Bf4 c4 22. bxc4 bxc4 23. Nd7 Rc6 24. Nxf8 Kxf8 25. Bd6+ Rxd6 26. Rxd6 c3 27. Rxe6 c2 28. h4 Nd3 29. Rxc2 Rxc2 30. Rxa6 Rc1+ 31. Kh2 Nxf2 32. e5 Ng4+ 33. Kg3 Nxe5 34. Re6 Nc4 35. a6 Ra1 36. Rc6 Ne5 37. Rb6 Nd7 38. Rb7 Ke7 39. a7 Kd6 40. Kg4 g6 41. Kg5 Ra5+ 42. Kh6 Rh5+ 43. Kg7 Ra5 44. Kxh7 Ne5 45. Kg7 Ke6 46. g3 Kf5 47. Kh6 Kg4 48. Rb4+ Kxg3 49. h5 gxh5 50. Kxh5 Kf3 51. Kh6 Nd3 52. Rb7 Ke3 53. Kg6 Kd4 54. Kf6 Nc5 55. Rc7 Kd5 56. Kf5 Kd6 57. Rh7 Nd7+ 58. Ke4 Rxa7 59. Rh6+ 1-0


[Site "https://www.chess.com"]

[Event "Titled Tuesday Blitz March 15 Late 2022"]
[White "Przybylski, Wojciech"]
[Black "Rastbod, Ali"]
[WhiteFideId "1117599"]
[BlackFideId "12567477"]
[WhiteElo "2133"]
[BlackElo "2200"]
[Result "0-1"]
[Round "06"]
[TimeControl "180+1"]
[Date "2022.03.16"]
[WhiteClock "0:00:03"]
[BlackClock "0:00:04"]

1. d4 Nf6 2. c4 e6 3. Nc3 Bb4 4. Nf3 O-O 5. Qc2 c5 6. e3 cxd4 7. exd4 d5 8. a3 Bxc3+ 9. bxc3 b6 10. Bg5 Ba6 11. Nd2 Nbd7 12. cxd5 Bxf1 13. Nxf1 exd5 14. Ne3 Qc7 15. Bxf6 Nxf6 16. O-O Rac8 17. Rac1 Qd6 18. Qb3 Rc7 19. Rc2 Rfc8 20. Rfc1 g6 21. h3 h5 22. a4 Kg7 23. Qb5 Qc6 24. Qb4 Qd7 25. a5 b5 26. a6 Qc6 27. Qb3 Qxa6 28. Rb1 Rb7 29. Nxd5 Nxd5 30. Qxd5 Qc6 31. Qe5+ f6 32. Qe2 a5 33. Qd3 b4 34. c4 a4 35. d5 Qc5 36. d6 b3 37. Rd2 Rd7 38. Qe4 Qxc4 39. Rd4 Qc2 40. Qe1 a3 41. Rd2 Qc3 42. Qe6 Rcd8 43. Re2 Qc6 44. Rxb3 a2 45. Rxa2 Rxd6 46. Qe7+ Kh6 47. Qe3+ g5 48. Rb1 Rd1+ 49. Rxd1 Rxd1+ 50. Kh2 Qd6+ 51. g3 Qd5 52. f3 Qxa2+ 53. Qe2 Qxe2# 0-1


[Site "https://www.chess.com"]

[Event "Titled Tuesday Blitz March 15 Late 2022"]
[White "Risteski, Emil"]
[Black "Pesotskiy, Mikhail"]
[WhiteFideId "15005267"]
[BlackFideId "34164453"]
[WhiteElo "2070"]
[BlackElo "2010"]
[Result "1/2-1/2"]
[Round "06"]
[TimeControl "180+1"]
[Date "2022.03.16"]
[WhiteClock "0:00:16"]
[BlackClock "0:00:09"]

1. e4 e6 2. d3 c5 3. Nd2 Nc6 4. Ngf3 g6 5. g3 Bg7 6. Bg2 Nge7 7. O-O O-O 8. c3 d6 9. Re1 b5 10. h4 b4 11. Nb1 Qb6 12. h5 a5 13. c4 a4 14. a3 Nd4 15. Nxd4 Bxd4 16. Nd2 bxa3 17. Rxa3 Bxb2 18. Rxa4 Bb7 19. Nf3 Nc6 20. hxg6 hxg6 21. Rxa8 Rxa8 22. Ng5 Ra1 23. Qf3 Ne5 24. Qe3 Bxc1 25. Rxc1 Rxc1+ 26. Qxc1 Nxd3 27. Qd2 Ne5 28. Qf4 Qd8 29. Qh4 Qf6 30. Qh7+ Kf8 31. Qh4 Ke7 32. f4 Nxc4 33. e5 dxe5 34. Bxb7 exf4 35. Qxf4 Qxf4 36. gxf4 e5 37. fxe5 Nxe5 38. Bd5 f6 39. Ne4 c4 40. Nc3 f5 41. Kf2 Kd6 42. Ke3 g5 43. Kd4 g4 44. Bg2 f4 45. Be4 f3 46. Nd1 g3 47. Ke3 f2 48. Bg2 Kc5 49. Kf4 Kd4 50. Kxg3 c3 51. Nxc3 Kxc3 52. Kxf2 1/2-1/2


[Site "https://www.chess.com"]

[Event "Titled Tuesday Blitz March 15 Late 2022"]
[White "Roberson, Peter T"]
[Black "Najer, Evgeniy"]
[WhiteFideId "412384"]
[BlackFideId "4118987"]
[WhiteElo "2346"]
[BlackElo "2562"]
[Result "0-1"]
[Round "06"]
[TimeControl "180+1"]
[Date "2022.03.16"]
[WhiteClock "0:00:02"]
[BlackClock "0:00:10"]

1. e4 c6 2. Nf3 d5 3. exd5 cxd5 4. Ne5 Nc6 5. d4 Qb6 6. Nxc6 Qxc6 7. Bd3 Nf6 8. Qe2 a6 9. O-O Bg4 10. f3 Bh5 11. Nd2 e6 12. c3 Bg6 13. Re1 Bd6 14. Nf1 O-O 15. Bg5 Nd7 16. a4 Rfc8 17. Ne3 Bxd3 18. Qxd3 b5 19. axb5 axb5 20. Bh4 h6 21. Bg3 b4 22. Bxd6 Qxd6 23. c4 dxc4 24. Nxc4 Qc6 25. b3 Nf6 26. Rec1 Nd5 27. Kf2 Nc3 28. Ne5 Qd5 29. Rxa8 Rxa8 30. Qc4 Ra2+ 31. Kg3 Ne2+ 32. Kh4 Nxc1 33. Qxc1 Qxd4+ 34. Ng4 Rxg2 35. Kh5 Qd5+ 36. Kh4 Qxf3 37. Qc8+ Kh7 38. h3 g5+ 39. Kh5 Qxh3# 0-1


[Site "https://www.chess.com"]

[Event "Titled Tuesday Blitz March 15 Late 2022"]
[White "Romanchuk, Viktor"]
[Black "Farmani Anosheh, Armin"]
[WhiteFideId "14109271"]
[BlackFideId "24613240"]
[WhiteElo "2242"]
[BlackElo "2289"]
[Result "0-1"]
[Round "06"]
[TimeControl "180+1"]
[Date "2022.03.16"]
[WhiteClock "0:00:16"]
[BlackClock "0:00:18"]

1. d4 Nf6 2. c4 e6 3. Nc3 Bb4 4. e3 O-O 5. Ne2 c6 6. a3 Ba5 7. Qc2 d5 8. Ng3 Re8 9. Be2 Nbd7 10. O-O Qe7 11. b4 Bc7 12. e4 dxe4 13. Ncxe4 Nxe4 14. Nxe4 f5 15. Ng3 Qf7 16. Bb2 Nf6 17. f4 h5 18. Nh1 h4 19. Nf2 Qg6 20. Nd3 h3 21. g3 Ng4 22. Qd2 b6 23. Ne5 Bxe5 24. fxe5 c5 25. bxc5 Bb7 26. c6 Bxc6 27. d5 Bb7 28. Bf3 exd5 29. Bxd5+ Bxd5 30. Qxd5+ Kh7 31. e6 Rad8 32. Qxf5 Qxf5 33. Rxf5 Rxe6 34. Rf7 Rg6 35. Raf1 Rd2 36. Bc3 Rg2+ 37. Kh1 Rxh2+ 38. Kg1 Rc2 39. Bd4 Rg2+ 40. Kh1 Rxg3 41. Rg1 Rxg1+ 42. Bxg1 Nf6 43. Kh2 Rg2+ 44. Kh1 Nh5 45. Bh2 Ra2 46. Bb8 Rxa3 47. Kh2 Rc3 48. Bxa7 Kg6 49. Rc7 Rxc4 50. Kxh3 Rxc7 0-1


[Site "https://www.chess.com"]

[Event "Titled Tuesday Blitz March 15 Late 2022"]
[White "Romero Ruscalleda, Josep"]
[Black "Piliczewski, Bogusz"]
[WhiteFideId "2231859"]
[BlackFideId "1104144"]
[WhiteElo "2322"]
[BlackElo "1896"]
[Result "1-0"]
[Round "06"]
[TimeControl "180+1"]
[Date "2022.03.16"]
[WhiteClock "0:00:40"]
[BlackClock "0:00:06"]

1. e4 c6 2. Nc3 d5 3. Nf3 Bg4 4. h3 Bxf3 5. Qxf3 dxe4 6. Nxe4 e6 7. c3 Nd7 8. d4 Ngf6 9. Bd3 Be7 10. Bf4 Nd5 11. Nd6+ Bxd6 12. Bxd6 N7f6 13. Ba3 Ne7 14. O-O O-O 15. Rfe1 Re8 16. b3 Ned5 17. Bb2 Rc8 18. Rad1 Qd6 19. c4 Nb4 20. Bb1 Re7 21. a3 Na6 22. b4 Nc7 23. Bc1 Nce8 24. Bf4 Qd8 25. Be5 Rd7 26. g4 h6 27. Qe3 Nh7 28. Qd3 Nf8 29. Qe4 Qh4 30. Kg2 Ng6 31. Bg3 Qd8 32. f4 Nf6 33. Qc2 Rxd4 34. f5 Nf8 35. Rxd4 Qxd4 36. fxe6 Nxe6 37. Be5 Qd8 38. Bxf6 Qxf6 39. Qh7+ Kf8 40. Qh8+ Ke7 41. Qxc8 Qb2+ 42. Kf1 Qf6+ 43. Kg2 Qb2+ 44. Kh1 Qf2 45. Qc7+ Kf6 46. Qe5+ Ke7 47. Bf5 Qf3+ 48. Kg1 Qxh3 49. Bxe6 fxe6 50. Qxe6+ Kf8 51. Qe8# 1-0


[Site "https://www.chess.com"]

[Event "Titled Tuesday Blitz March 15 Late 2022"]
[White "Rosen, Eric"]
[Black "Yoo, Christopher Woojin"]
[WhiteFideId "2032562"]
[BlackFideId "30909694"]
[WhiteElo "2362"]
[BlackElo "2105"]
[Result "1/2-1/2"]
[Round "06"]
[TimeControl "180+1"]
[Date "2022.03.15"]
[WhiteClock "0:00:02"]
[BlackClock "0:00:13"]

1. d4 Nf6 2. Bf4 c5 3. e3 Nd5 4. Bg3 Qb6 5. b3 cxd4 6. exd4 g6 7. c3 Bg7 8. Nf3 O-O 9. Be2 d6 10. O-O Nc6 11. Re1 Bf5 12. Bc4 Nf6 13. Nbd2 d5 14. Be2 Rac8 15. Qc1 Ne4 16. Qb2 Nxc3 17. Qxc3 Nxd4 18. Qe3 Nc2 19. Qxb6 axb6 20. Rad1 Nxe1 21. Nxe1 Rfd8 22. Bd3 Bg4 23. f3 Bd7 24. Bf2 Rc6 25. Bb5 Rd6 26. Bxd7 R8xd7 27. Rc1 Bh6 28. Rc8+ Rd8 29. Rxd8+ Rxd8 30. Bxb6 Rd6 31. Ba5 Ra6 32. Bb4 Rxa2 33. Nf1 Rb2 34. Bxe7 Rxb3 35. g3 d4 36. f4 Bg7 37. Kf2 b5 38. Ke2 Rc3 39. Nd3 Rc6 40. Bb4 Re6+ 41. Kd1 Bf8 42. Bxf8 Kxf8 43. Nd2 Re3 44. Nb4 h5 45. Nc2 Rd3 46. Ke2 Rc3 47. Nxd4 b4 48. N2b3 Ke7 49. Kd2 Kd6 50. Nb5+ Kd5 51. Nxc3+ bxc3+ 52. Kd3 c2 53. Nc1 f6 54. Ne2 g5 55. fxg5 fxg5 56. h3 Ke5 57. Kxc2 Ke4 58. h4 gxh4 59. gxh4 Kf3 60. Kd3 Kg4 61. Ke4 Kxh4 62. Kf4 Kh3 63. Kf3 Kh4 64. Kf4 Kh3 65. Nd4 Kh4 66. Nf3+ Kh3 67. Ng1+ Kg2 68. Nf3 h4 69. Nxh4+ 1/2-1/2


[Site "https://www.chess.com"]

[Event "Titled Tuesday Blitz March 15 Late 2022"]
[White "Rosenberg, Evan S"]
[Black "Morris-Suzuki, Sophie"]
[WhiteFideId "2019299"]
[BlackFideId "30922615"]
[WhiteElo "2289"]
[BlackElo "2484"]
[Result "1/2-1/2"]
[Round "06"]
[TimeControl "180+1"]
[Date "2022.03.16"]
[WhiteClock "0:00:02"]
[BlackClock "0:00:06"]

1. Nf3 d5 2. d4 Nf6 3. c4 e6 4. g3 Be7 5. Bg2 O-O 6. O-O c6 7. Nc3 b6 8. Ne5 Bb7 9. e4 Nbd7 10. Nxc6 Bxc6 11. exd5 Bb7 12. d6 Bxg2 13. dxe7 Qxe7 14. Kxg2 Rfd8 15. Be3 Ne5 16. Qe2 Nc6 17. Rad1 Rd7 18. Qf3 Rc8 19. Rfe1 Na5 20. b3 Qb4 21. Bg5 Ne8 22. d5 exd5 23. Nxd5 Qc5 24. Ne7+ Rxe7 25. Bxe7 Qc7 26. Ba3 Nf6 27. Re7 Qb8 28. Bb2 Nc6 29. Bxf6 gxf6 30. Re4 Kg7 31. Rg4+ Kf8 32. Qxf6 Qb7 33. Qh8+ Ke7 34. Re4+ Ne5 35. Qxe5+ Kf8 36. f3 Kg8 37. Rg4+ Kf8 38. Qh8+ Ke7 39. Re4+ Qxe4 40. Qxc8 Qe2+ 41. Kh3 Qxd1 42. Qc7+ Kf6 43. Qf4+ Kg7 44. Qg5+ Kf8 45. Qg4 Qf1+ 46. Kh4 Qa1 47. Qc8+ Kg7 48. Qg4+ Kf8 49. a4 Qf6+ 50. Qg5 Qxf3 51. Qd8+ Kg7 52. Qg5+ Kf8 53. Kh3 Qf1+ 54. Kh4 Qf2 55. Qh6+ Ke7 56. Qg5+ Kf8 57. Qh6+ Ke7 58. Qg5+ Kf8 1/2-1/2


[Site "https://www.chess.com"]

[Event "Titled Tuesday Blitz March 15 Late 2022"]
[White "Royal, Shreyas"]
[Black "Rabineau, Clement"]
[WhiteFideId "448869"]
[BlackFideId "628891"]
[WhiteElo "1986"]
[BlackElo "2237"]
[Result "0-1"]
[Round "06"]
[TimeControl "180+1"]
[Date "2022.03.16"]
[WhiteClock "0:00:23"]
[BlackClock "0:00:05"]

1. d4 d6 2. c4 e5 3. d5 f5 4. e4 Nf6 5. Nc3 g6 6. exf5 Bxf5 7. Nge2 Bg7 8. Ng3 Nbd7 9. Be2 O-O 10. h4 e4 11. h5 Ne5 12. hxg6 Bxg6 13. Be3 c5 14. dxc6 bxc6 15. O-O Rb8 16. Qd2 Nfg4 17. Bg5 Bf6 18. Ncxe4 Bxg5 19. Nxg5 Rxb2 20. Qxb2 Qxg5 21. Bxg4 Nxg4 22. Qd4 Qh4 23. Rfe1 Rxf2 24. Qxf2 Nxf2 25. Kxf2 Qf4+ 26. Kg1 Qxg3 27. Re7 Bf7 28. Rb1 Qf4 29. c5 Qd4+ 30. Kf1 Bc4+ 31. Re2 Qf4+ 32. Ke1 Qg3+ 33. Kd2 Qd3+ 34. Kc1 Qxe2 35. Rb8+ Kf7 36. Rb7+ Ke6 37. cxd6 Kxd6 38. Rb2 Qe1+ 39. Kc2 Qe2+ 40. Kc3 Qd3+ 41. Kb4 c5+ 42. Ka4 a6 43. a3 Bb5+ 44. Ka5 Qxa3+ 45. Kb6 Qxb2 46. Ka7 c4 47. Ka8 Bc6+ 48. Ka7 Qb7# 0-1


[Site "https://www.chess.com"]

[Event "Titled Tuesday Blitz March 15 Late 2022"]
[White "Rozman, Levy"]
[Black "Le Goff, Ronan"]
[WhiteFideId "2039877"]
[BlackFideId "612073"]
[WhiteElo "2376"]
[BlackElo "2276"]
[Result "1-0"]
[Round "06"]
[TimeControl "180+1"]
[Date "2022.03.16"]
[WhiteClock "0:00:14"]
[BlackClock "0:00:06"]

1. d4 Nf6 2. Bg5 d5 3. e3 e6 4. Nd2 Be7 5. Bd3 h6 6. Bxf6 Bxf6 7. f4 c5 8. c3 cxd4 9. exd4 Qc7 10. g3 g5 11. Ne2 Nc6 12. Nf3 Bd7 13. Ne5 gxf4 14. gxf4 Nxe5 15. fxe5 Bh4+ 16. Kd2 O-O-O 17. Qb3 Kb8 18. Raf1 Bg5+ 19. Kc2 Rhf8 20. h4 Be7 21. Nf4 Qa5 22. Rf3 Ba4 23. Rhf1 Bxb3+ 24. axb3 a6 25. Ne2 Bxh4 26. Nf4 Be7 27. Nh5 Qc7 28. Nf4 Rg8 29. Ne2 Rdf8 30. Rh1 Bg5 31. Bh7 Rg7 32. Bd3 f6 33. Rhf1 f5 34. Ng3 Rfg8 35. Nh5 Rf7 36. c4 Bd8 37. Kb1 Rg2 38. Nf4 Rh2 39. Nxe6 Qd7 40. Nc5 Qe7 41. cxd5 Bb6 42. d6 Qg5 43. Na4 Qd2 44. e6 Rf6 45. e7 Re6 46. Bxf5 Re1+ 47. Ka2 Bxd4 48. Rxe1 Qxe1 49. Bg6 Bxb2 50. e8=Q+ Qxe8 51. Bxe8 Be5+ 52. Kb1 Bxd6 53. Bf7 b5 54. Nb6 Be5 55. Nd7+ Kc7 56. Nxe5 Kd6 57. Ng4 Rh1+ 58. Kc2 Rg1 59. Ne3 Re1 60. Kd2 Rh1 61. Rf1 Kc5 62. Rxh1 1-0


[Site "https://www.chess.com"]

[Event "Titled Tuesday Blitz March 15 Late 2022"]
[White "Rustemov, Alexander"]
[Black "Janaszak, Dawid"]
[WhiteFideId "4119002"]
[BlackFideId "1119206"]
[WhiteElo "2741"]
[BlackElo "2199"]
[Result "1-0"]
[Round "06"]
[TimeControl "180+1"]
[Date "2022.03.16"]
[WhiteClock "0:00:13"]
[BlackClock "0:00:07"]

1. c4 Nf6 2. Nc3 g6 3. g3 Bg7 4. Bg2 O-O 5. Nf3 d5 6. cxd5 Nxd5 7. O-O Nxc3 8. bxc3 c5 9. d4 cxd4 10. Nxd4 Nd7 11. Rb1 Nc5 12. Ba3 Ne6 13. Bxb7 Nxd4 14. Bxa8 Bf5 15. cxd4 Bxb1 16. Qxb1 Qxa8 17. e3 Rb8 18. Qc2 e5 19. dxe5 Bxe5 20. Rc1 Qf3 21. Qd1 Qf6 22. Kg2 h5 23. Qf3 Qa6 24. e4 Rd8 25. Re1 Rd3 26. Re3 Rd2 27. Bc5 Qxa2 28. Rb3 Kg7 29. Rb7 a5 30. Be3 Rb2 31. Ra7 a4 32. Qd1 Qb3 33. Qd5 Qxd5 34. exd5 Rb5 35. Rxa4 Rxd5 36. h4 Bf6 37. Ra7 Kg8 38. Rb7 Rd6 39. Kf3 Re6 40. Bf4 Re7 41. Rb6 Kg7 42. Rxf6 Kxf6 43. Bg5+ Ke6 44. Bxe7 Kxe7 45. Kf4 Kf6 46. f3 Kg7 47. Kg5 f6+ 48. Kf4 Kh6 49. Ke4 g5 50. Kf5 gxh4 51. gxh4 Kg7 52. Ke6 Kg6 53. f4 Kg7 54. f5 1-0


[Site "https://www.chess.com"]

[Event "Titled Tuesday Blitz March 15 Late 2022"]
[White "Sanchez, Robert"]
[Black "Donatti, Alvaro"]
[WhiteFideId "2034360"]
[BlackFideId "3000303"]
[WhiteElo "2314"]
[BlackElo "2138"]
[Result "1-0"]
[Round "06"]
[TimeControl "180+1"]
[Date "2022.03.16"]
[WhiteClock "0:01:29"]
[BlackClock "0:01:26"]

1. e4 c5 2. d4 cxd4 3. c3 e6 4. cxd4 d5 5. e5 Nc6 6. Nf3 Qb6 7. Nc3 Bd7 8. Bd3 Nh6 9. O-O Be7 10. h3 Nxd4 11. Nxd4 Qxd4 12. Qe2 Nf5 13. Bxf5 exf5 14. Rd1 Qh4 15. Nxd5 O-O 16. g3 Qxh3 17. Nxe7+ Kh8 18. Rxd7 f4 19. Rd3 fxg3 20. Rxg3 Qe6 21. Qg4 Qxe5 22. Bf4 Qxb2 23. Rd1 Rfe8 24. Rd7 Qb1+ 25. Kh2 Qe4 26. Qxg7# 1-0


[Site "https://www.chess.com"]

[Event "Titled Tuesday Blitz March 15 Late 2022"]
[White "Sarana, Alexey"]
[Black "Tari, Aryan"]
[WhiteFideId "24133795"]
[BlackFideId "1510045"]
[WhiteElo "2666"]
[BlackElo "2567"]
[Result "0-1"]
[Round "06"]
[TimeControl "180+1"]
[Date "2022.03.15"]
[WhiteClock "0:00:20"]
[BlackClock "0:00:11"]

1. d4 d5 2. c4 e6 3. Nc3 c5 4. cxd5 cxd4 5. Qxd4 Nc6 6. Qd1 exd5 7. e3 Nf6 8. Nf3 Bb4 9. Bd2 O-O 10. Be2 Ne4 11. O-O Bxc3 12. Bxc3 Nxc3 13. bxc3 Qf6 14. Nd4 Bd7 15. Qb3 Nxd4 16. cxd4 Bc6 17. Bf3 Qd6 18. Rfc1 Rac8 19. Rc2 Rc7 20. Rac1 Rfc8 21. g3 h6 22. h4 b6 23. Bg4 Bd7 24. Bxd7 Rxc2 25. Rxc2 Rxc2 26. Qxc2 Qxd7 27. Qc3 g5 28. hxg5 hxg5 29. Kg2 Kg7 30. f3 Qb5 31. Qd2 Kg6 32. e4 Qc4 33. exd5 Qxd5 34. a3 g4 35. Qd3+ f5 36. Kf2 Qxf3+ 37. Qxf3 gxf3 38. Kxf3 Kf6 39. g4 fxg4+ 40. Kxg4 Ke6 41. Kf4 Kd5 42. Ke3 b5 43. Kd3 a5 44. Ke3 Kc4 45. d5 Kxd5 46. Kd3 Ke5 47. Ke3 Kd5 48. Kd3 Kc6 49. Kc2 Kd6 50. Kd2 Ke6 51. Ke2 Kf6 52. Kf2 b4 53. a4 Ke5 54. Ke3 Kd5 55. Kd3 Kc5 56. Kc2 Kc4 57. Kb2 Kd3 58. Kb3 Kd4 59. Kc2 Ke4 60. Kb2 Kf3 61. Kc2 Ke2 62. Kb2 Kd2 63. Kb3 Kc1 64. Kc4 Kc2 65. Kb5 b3 66. Kxa5 b2 67. Ka6 b1=Q 68. a5 Qb4 69. Ka7 Qxa5+ 70. Kb8 Qc5 71. Ka8 Qe7 0-1


[Site "https://www.chess.com"]

[Event "Titled Tuesday Blitz March 15 Late 2022"]
[White "Senft, Sean"]
[Black "Sanchez Alvares, Kelvin Antonio"]
[WhiteFideId "2044960"]
[BlackFideId "3906680"]
[WhiteElo "1881"]
[BlackElo "2193"]
[Result "0-1"]
[Round "06"]
[TimeControl "180+1"]
[Date "2022.03.16"]
[WhiteClock "0:00:04"]
[BlackClock "0:00:23"]

1. d4 d5 2. c4 c6 3. Nc3 Nf6 4. Nf3 e6 5. cxd5 exd5 6. Bg5 Be7 7. Qc2 g6 8. e3 Bf5 9. Bd3 Bxd3 10. Qxd3 Nbd7 11. O-O O-O 12. Rab1 a5 13. Na4 b5 14. Nc5 Nxc5 15. dxc5 Ne4 16. Bxe7 Qxe7 17. Rfc1 Nxc5 18. Qc2 Na4 19. b3 Nb6 20. Qxc6 Rab8 21. Qxb5 a4 22. bxa4 Qd8 23. h3 Nc4 24. Qxb8 Qxb8 25. Rxb8 Rxb8 26. Rd1 Rb2 27. Rxd5 Rxa2 28. Rd8+ Kg7 29. Ra8 Nb6 30. Ra6 Nxa4 31. Kh2 h6 32. Kg3 Nc3 33. Rxa2 Nxa2 34. Kf4 Kf6 35. g4 Nc3 36. e4 Nd1 37. Kg3 Nc3 38. Nd2 Ke5 39. f4+ Kd4 40. e5 Nd5 41. Nf3+ Ke4 42. h4 Nxf4 43. Nd2+ Kxe5 44. Nf3+ Ke4 45. Nd2+ Ke3 46. Nc4+ Kd4 47. Kxf4 Kxc4 48. Ke5 Kd3 49. Kf6 Ke4 50. Kxf7 g5 51. h5 Kf4 52. Kg6 Kxg4 53. Kxh6 Kf5 54. Kg7 g4 55. h6 g3 56. h7 g2 57. h8=Q g1=Q+ 58. Kh7 Qh2+ 59. Kg8 Qa2+ 60. Kf8 Qa8+ 61. Kg7 Qb7+ 62. Kh6 Qc6+ 63. Kg7 Qd7+ 64. Kg8 Kg6 0-1


[Site "https://www.chess.com"]

[Event "Titled Tuesday Blitz March 15 Late 2022"]
[White "Seul, Georg"]
[Black "Artemenko, Oleg"]
[WhiteFideId "4601653"]
[BlackFideId "14201798"]
[WhiteElo "2271"]
[BlackElo "2287"]
[Result "1-0"]
[Round "06"]
[TimeControl "180+1"]
[Date "2022.03.16"]
[WhiteClock "0:00:24"]
[BlackClock "0:00:49"]

1. e4 e6 2. d4 d5 3. e5 c5 4. c3 Nc6 5. Nf3 Qb6 6. a3 Nh6 7. Bd3 cxd4 8. O-O dxc3 9. Nxc3 Bd7 10. Bf4 a6 11. Qe2 Be7 12. Rad1 Qd8 13. Qd2 Ng8 14. Rfe1 Bc5 15. Bb1 Nge7 16. h4 Ba7 17. h5 h6 18. Bg3 Rc8 19. Qf4 Qb6 20. Re2 Na5 21. Qg4 Kf8 22. Bh4 Ng8 23. Nxd5 Qb3 24. Nc3 Be8 25. Nd4 Qc4 26. Ba2 Qc5 27. Nxe6+ fxe6 28. Bxe6 Rc7 29. Rd8 Nc6 30. Qf4+ Nf6 31. exf6 Nxd8 32. fxg7+ Kxg7 33. Qf6+ Kh7 34. Bf5+ Qxf5 35. Qxf5+ Kg7 36. Bxd8 Rf7 37. Re7 Rxe7 38. Bxe7 Rg8 39. Bf6+ Kf7 40. Bd4+ Ke7 41. Bxa7 Bc6 42. Bc5+ Kd8 43. Qf6+ Kc7 44. Qd6+ Kc8 45. Qe6+ Kb8 46. Qxg8+ Kc7 47. Qf7+ Kb8 48. Bb6 Bd7 49. Qxd7 1-0


[Site "https://www.chess.com"]

[Event "Titled Tuesday Blitz March 15 Late 2022"]
[White "Sochacki, Christophe"]
[Black "Jeet, Jain"]
[WhiteFideId "662569"]
[BlackFideId "5073022"]
[WhiteElo "2480"]
[BlackElo "2085"]
[Result "1-0"]
[Round "06"]
[TimeControl "180+1"]
[Date "2022.03.16"]
[WhiteClock "0:00:44"]
[BlackClock "0:00:01"]

1. b3 Nf6 2. Bb2 c5 3. Nf3 Nc6 4. e3 g6 5. d4 cxd4 6. Nxd4 Bg7 7. c4 O-O 8. Be2 d5 9. O-O dxc4 10. Bxc4 Nxd4 11. Qxd4 Nh5 12. Qxd8 Rxd8 13. Bxg7 Nxg7 14. Nc3 Be6 15. Bxe6 Nxe6 16. Rfd1 Rac8 17. Rxd8+ Nxd8 18. Rc1 Kg7 19. Kf1 f5 20. Ke2 e5 21. Rd1 Rxc3 22. Rxd8 Rc2+ 23. Rd2 Rxd2+ 24. Kxd2 Kf6 25. Kd3 Ke6 26. e4 f4 27. Kc4 Kd6 28. Kb5 g5 29. f3 h6 30. a3 h5 31. h3 h4 32. b4 Kd7 33. Kc5 Ke6 34. a4 g4 35. hxg4 1-0


[Site "https://www.chess.com"]

[Event "Titled Tuesday Blitz March 15 Late 2022"]
[White "Sokolovsky, Yahli"]
[Black "Bashirli, Nail"]
[WhiteFideId "2820242"]
[BlackFideId "13406809"]
[WhiteElo "1770"]
[BlackElo "2333"]
[Result "0-1"]
[Round "06"]
[TimeControl "180+1"]
[Date "2022.03.15"]
[WhiteClock "0:00:07"]
[BlackClock "0:00:35"]

1. b3 d5 2. Bb2 Nc6 3. e3 e5 4. Nf3 Bd6 5. Bb5 Qe7 6. d4 e4 7. Ne5 Bxe5 8. dxe5 Be6 9. Nc3 Rd8 10. Qh5 Nh6 11. h3 Nf5 12. O-O-O a6 13. Bxc6+ bxc6 14. Qe2 O-O 15. Qxa6 c5 16. g4 Nh4 17. Qc6 d4 18. Nb5 d3 19. Qxc7 Rd7 20. Qa5 c4 21. Ba3 Qg5 22. Bxf8 Qxe5 23. Qa8 Qa1+ 24. Kd2 dxc2+ 25. Kxc2 cxb3+ 26. axb3 Qxa8 27. Rxd7 Bxd7 28. Be7 Nf3 29. Rd1 Qa2+ 30. Kc3 Qa5+ 31. b4 Qxb5 32. Bc5 h6 0-1


[Site "https://www.chess.com"]

[Event "Titled Tuesday Blitz March 15 Late 2022"]
[White "Srihari L R"]
[Black "Vovk, Orest"]
[WhiteFideId "46617116"]
[BlackFideId "14113490"]
[WhiteElo "2121"]
[BlackElo "2203"]
[Result "1-0"]
[Round "06"]
[TimeControl "180+1"]
[Date "2022.03.15"]
[WhiteClock "0:00:09"]
[BlackClock "0:00:04"]

1. c4 g5 2. d4 h6 3. h4 Bg7 4. hxg5 c5 5. gxh6 Nxh6 6. d5 d6 7. Nc3 Ng4 8. Rxh8+ Bxh8 9. Nf3 Bxc3+ 10. bxc3 Qa5 11. Bd2 Nd7 12. e3 Ndf6 13. Bd3 Bd7 14. Qb3 O-O-O 15. Ke2 Rh8 16. Rb1 b6 17. Qc2 Kc7 18. e4 Ne5 19. Nxe5 dxe5 20. f3 Rh2 21. Rg1 Nh5 22. Kf2 Kd6 23. Qb2 Nf4 24. Bxf4 exf4 25. e5+ Kxe5 26. Re1+ Kf6 27. Qd2 Rh4 28. Qe2 Qxc3 29. Qxe7+ Kg7 30. Qg5+ Kf8 31. Qxh4 Qd4+ 32. Kf1 Qxd3+ 33. Kg1 Qd4+ 34. Kh2 Ba4 35. Re4 Qb2 36. Qh6+ Kg8 37. Qg5+ Kf8 38. Rxf4 Bc2 39. Qh6+ Kg8 40. d6 Bg6 41. Rh4 Qe5+ 42. Qf4 Qxf4+ 43. Rxf4 Kf8 44. Kg3 Ke8 45. Rh4 Kd7 46. Rh8 Kxd6 47. Ra8 a5 48. Kf4 Bd3 49. Rd8+ Kc6 50. Rxd3 1-0


[Site "https://www.chess.com"]

[Event "Titled Tuesday Blitz March 15 Late 2022"]
[White "Suder, Jakub"]
[Black "Lashkin, Jegor"]
[WhiteFideId "1195310"]
[BlackFideId "13907808"]
[WhiteElo "2058"]
[BlackElo "2344"]
[Result "0-1"]
[Round "06"]
[TimeControl "180+1"]
[Date "2022.03.15"]
[WhiteClock "0:01:37"]
[BlackClock "0:01:12"]

1. d4 d5 2. c4 e6 3. Nc3 a6 4. cxd5 exd5 5. Nf3 Nf6 6. Bg5 Be6 7. Qb3 Nbd7 8. e3 Rb8 9. Bd3 Bd6 10. O-O c6 11. Rac1 O-O 12. Na4 h6 13. Bh4 Re8 14. Nc5 Nxc5 15. dxc5 Bc7 16. Nd4 Bd7 17. Bg3 Bxg3 18. hxg3 Ng4 19. Be2 Nf6 20. Bf3 h5 21. Qd3 g6 22. Rfe1 Qe7 23. b4 Kg7 24. a4 Qe5 25. b5 axb5 26. axb5 Rh8 27. bxc6 bxc6 28. Rb1 Rxb1 29. Rxb1 h4 30. gxh4 Rxh4 31. g3 Rh8 32. Rb7 Bg4 33. Bg2 Qh5 34. Nxc6 Be2 0-1


[Site "https://www.chess.com"]

[Event "Titled Tuesday Blitz March 15 Late 2022"]
[White "Svane, Rasmus"]
[Black "Nakamura, Hikaru"]
[WhiteFideId "4657101"]
[BlackFideId "2016192"]
[WhiteElo "2645"]
[BlackElo "2850"]
[Result "0-1"]
[Round "06"]
[TimeControl "180+1"]
[Date "2022.03.15"]
[WhiteClock "0:00:07"]
[BlackClock "0:00:15"]

1. Nf3 g6 2. e4 c5 3. d4 cxd4 4. Nxd4 Nf6 5. Nc3 d6 6. Be3 Bg7 7. f3 a6 8. Qd2 b5 9. a3 Bb7 10. O-O-O Nbd7 11. h4 h5 12. Be2 Rc8 13. Kb1 Qc7 14. Bg5 Nb6 15. Rhe1 O-O 16. Bh6 Qc5 17. Nb3 Qc7 18. Nd4 Qd7 19. Bxg7 Kxg7 20. Qg5 Nh7 21. Qe3 Qc7 22. g4 e5 23. Nb3 Nf6 24. g5 Nfd7 25. Bf1 Na4 26. Rd3 Ndb6 27. Qc1 Rfd8 28. Bh3 Rb8 29. f4 Nc4 30. Nd1 d5 31. exd5 Bxd5 32. fxe5 Naxb2 33. Nxb2 Nxa3+ 34. Ka2 Nxc2 35. Qd2 a5 36. Rc1 a4 37. Kb1 axb3 38. Nd1 Qa7 39. Qc3 b4 40. Qxc2 bxc2+ 0-1


[Site "https://www.chess.com"]